 Seeded DCSS version 0.30.1-4-g462c640d31 (webtiles) character file.

Game seed: 6351066067085065685 (custom seed)

5 Esekla the Magician (level 1, 0/10 HPs)
             Began as a Deep Elf Wanderer on Sept 8, 2023.
             Slain by a goblin
             ... wielding a +0 club
              (3 damage)
             ... on level 1 of the Dungeon.
             The game lasted 00:02:06 (160 turns).

Esekla the Magician (Deep Elf Wanderer)              Turns: 160, Time: 00:02:06

Health: 0/10       AC:  2    Str: 11    XL:     1   Next: 66%
Magic:  8/8        EV: 10    Int: 17    God:
Gold:   0          SH:  3    Dex: 11    Spells: 7/9 levels left

rFire   . . .        a - +0 short sword
rCold   . . .        d - +0 buckler
rNeg    . . .        c - +0 robe
rPois   .            (no helmet)
rElec   .            (no cloak)
rCorr   .            (no gloves)
SInv    .            (no boots)
Will    .....        (no amulet)
Stlth   ++           (no ring)
HPRegen 0.21/turn    (no ring)
MPRegen 0.11/turn

%: no passive effects
@: no status effects
A: no striking features
a: no special abilities


You were on level 1 of the Dungeon.
You visited 1 branch of the dungeon, and saw 1 of its levels.

Inventory:

Hand Weapons
 a - a +0 short sword (weapon)
Armour
 c - a +0 robe (worn)
 d - a +0 buckler (worn)
Scrolls
 f - a scroll of fear {unknown}
 g - a scroll of identify {unknown}
Potions
 b - a potion of lignification
 e - a potion of ambrosia {unknown}


   Skills:
 * Level 0.3 Dodging
 + Level 1.2 Stealth
 + Level 1.5 Shields
 * Level 4.8 Spellcasting
 * Level 0.1 Necromancy
 + Level 2.2 Translocations
 + Level 1.0 Invocations


You had 7 spell levels left.
You knew the following spells:

 Your Spells              Type           Power      Damage    Failure   Level
a - Magic Dart            Conj           16%        1d3       22%         1
p - Apportation           Tloc           22%        N/A       9%          1

Your spell library contained the following spells:

 Spells                   Type           Power      Damage    Failure   Level
 Blink                    Tloc           22%        N/A       13%         2
 Lesser Beckoning         Tloc           22%        N/A       13%         2
 Vampiric Draining        Necr           4%         2d6       52%         3
 Ignite Poison            Fire/Tmut/Pois 4%         N/A       54%         3


Dungeon Overview and Level Annotations

Branches:
Dungeon (1/15)

Altars:


Message History

You hit the kobold.
You kill the kobold!
An endoplasm comes into view.
A frilled lizard comes into view.
The frilled lizard hisses angrily.
You see here a scroll labelled OPUZOUSOET.
g - a scroll labelled OPUZOUSOET A ball python comes into view.
The frilled lizard attacks as you move away!
The frilled lizard bites you but does no damage.
You closely miss the frilled lizard. The frilled lizard closely misses you.
You barely miss the frilled lizard.
The frilled lizard bites you but does no damage.
You barely miss the frilled lizard. The frilled lizard bites you.
You closely miss the frilled lizard. You block the frilled lizard's attack.
You barely miss the frilled lizard. The frilled lizard barely misses you.
You barely miss the frilled lizard. The frilled lizard bites you.
You miss the frilled lizard. The frilled lizard misses you.
You hit the frilled lizard.
You kill the frilled lizard!
Found a puce potion.
The ball python hisses angrily.
A bat comes into view.
A goblin comes into view. It is wielding a +0 club.
The goblin hits you but does no damage. The goblin closely misses you.
The ball python attacks as you move away!
The ball python bites you. The ball python misses you.
The goblin barely misses you. The bat closely misses you.
The goblin hits you with a +0 club. The goblin attacks as you move away!
The goblin hits you with a +0 club.
* * * LOW HITPOINT WARNING * * *
The bat barely misses you.
You hit the bat.
You kill the bat!
The ball python misses you. x2
You hit the ball python.
You kill the ball python!
You closely miss the goblin. The goblin hits you with a +0 club.
You die...

#####..####
#...).....#
#.........#
#.........#
####+###.####.####
#........# #.####
#......### #.S..#
#.....##..########..#
..... #...g@.......##
.J......#.##########
#.###...... .
#.#..... ...#......
#.. #....##. ##.
.....# ## !......


You could see a goblin.

Vanquished Creatures
  A ball python (D:1)
  A bat (D:1)
  A frilled lizard (D:1)
  2 kobolds (D:1)
5 creatures vanquished.

Notes
Turn   | Place    | Note
-------+----------+-------------------------------------------
     0 | D:1      | Esekla the Deep Elf Wanderer began the quest for the Orb.
     0 | D:1      | Esekla set off with the following items: a +0 club, a
                  | potion of lignification, a +0 robe, a +0 buckler; and the
                  | following spells available to memorise: Apportation, Blink,
                  | Lesser Beckoning, Magic Dart, Ignite Poison, Vampiric
                  | Draining.
     0 | D:1      | Reached XP level 1. HP: 10/10 MP: 7/7
     2 | D:1      | Learned a level 1 spell: Magic Dart
     4 | D:1      | Learned a level 1 spell: Apportation
   160 | D:1      | Slain by a goblin

Illustrated notes

Levels and vault maps discovered:
D:1:      sevenhm_arrival_forest_fort_small_3, layout_rooms,
          chequers_serial_rivers_room_b, minmay_misc_feat_five

Action                     || total
---------------------------++-------
  Melee: Short sword       ||    16
         Club              ||     1
   Cast: Magic Dart        ||     2
 Armour: Robe              ||     3
  Dodge: Dodged            ||    14
  Block: Buckler           ||     1
